 Dungeon Crawl Stone Soup version 0.31-a0-232-gb1c03b2570 (webtiles) character file.

Game seed: 3579231660138072470

75 qw the Shooter (level 4, 0/26 HPs)
             Began as a Gargoyle Hexslinger on July 7, 2023.
             Slain by Grinder (1 damage)
             ... on level 3 of the Dungeon.
             The game lasted 00:00:41 (2050 turns).

qw the Shooter (Gargoyle Hexslinger)                Turns: 2050, Time: 00:00:42

Health: 0/26       AC:  6    Str: 12    XL:     4   Next: 31%
Magic:  5/5        EV: 11    Int: 13    God:
Gold:   64         SH:  0    Dex: 14    Spells: 4/5 levels left

rFire   . . .        Y - +1 sling
rCold   . . .        (no shield)
rNeg    + . .        h - +0 leather armour
rPois   inf          (no helmet)
rElec   +            (no cloak)
rCorr   .            (no gloves)
SInv    .            (no boots)
Will    .....        (no amulet)
Stlth   +            (no ring)
HPRegen 0.24/turn    (no ring)
MPRegen 0.09/turn

%: no passive effects
@: no status effects
A: sickness immunity, AC +3, negative energy resistance 1, electricity
resistance, torment resistance 1, petrification resistance
a: no special abilities


You were on level 3 of the Dungeon.
You visited 1 branch of the dungeon, and saw 3 of its levels.

You collected 97 gold pieces.
You spent 33 gold pieces at shops.


Innate Abilities, Weirdness & Mutations

You are immune to sickness and miasma.
Your stone body is resilient. (AC +3)
You are immune to poison.
You resist negative energy. (rN+)
You are resistant to electric shocks. (rElec)
You are resistant to unholy torment.
You are immune to petrification.


   Skills:
 - Level 2.0 Fighting
 + Level 4.1 Ranged Weapons
 - Level 1.5 Dodging
 - Level 1.0 Spellcasting
 - Level 2.6 Hexes


You had 4 spell levels left.
You knew the following spells:

 Your Spells              Type           Power      Damage    Failure   Level
a - Slow                  Hex            28%        N/A       12%         1

Your spell library contained the following spells:

 Spells                   Type           Power      Damage    Failure   Level
 Inner Flame              Hex/Fire       4%         N/A       52%         3
 Portal Projectile        Hex/Tloc       8%         N/A       52%         3
 Cause Fear               Hex            3%         N/A       75%         4

Inventory:

Hand Weapons
 Y - a +1 sling (weapon)
Armour
 h - a +0 leather armour (worn)
Jewellery
 e - a ring of protection from cold
Scrolls
 a - a scroll of blinking {unknown}
 b - a scroll of identify
Potions
 c - a potion of heal wounds {unknown}
 d - a potion of attraction {unknown}
 f - a potion of brilliance {unknown}
 g - 2 potions of curing
 i - a potion of invisibility {unknown}
 j - a potion of lignification {unknown}

Dungeon Overview and Level Annotations

Branches:
Dungeon (3/15)

Altars:

Shops:
D:2 !

Annotations:
D:3 Grinder


Message History

Enter note:
Enter note:
Enter note:
Enter note: You shoot a sling bullet.
The sling bullet hits Grinder.
Grinder is lightly wounded.
You shoot a sling bullet. The sling bullet barely misses Grinder.
You shoot a sling bullet.
The sling bullet hits Grinder but does no damage.
Grinder is lightly wounded.
Grinder rolls her eyes.
Grinder gestures at you.
You suddenly lose the ability to move!
Grinder gestures at you.
You shrug off the repeated paralysis!
You can move again.
You shoot a sling bullet.
The sling bullet hits Grinder but does no damage.
Grinder is lightly wounded.
Grinder says, "Just stop there for a second..."
You shoot a sling bullet.
The sling bullet closely misses Grinder.
You shoot a sling bullet. The sling bullet hits Grinder.
Grinder is moderately wounded.
Grinder hits you.
You writhe in agony.
You shoot a sling bullet. The sling bullet barely misses Grinder.
Grinder hits you!
You writhe in agony.
Grinder closely misses you.
You shoot a sling bullet.
The sling bullet closely misses Grinder.
Grinder hits you but does no damage.
You shoot a sling bullet.
The sling bullet hits Grinder but does no damage.
Grinder is moderately wounded.
Grinder hits you!
You shoot a sling bullet. The sling bullet barely misses Grinder.
Grinder barely misses you.
You shoot a sling bullet.
The sling bullet closely misses Grinder.
Grinder closely misses you. Grinder hits you.
You writhe in agony.
You die...

### .77P ..# .~~ ~7
#.# .~~~~~~ #.# ##~~
~7~~ #.# #.~7~P~~~
#.# #.~7~~~~~ #.#
#57~~~~~~ #.# #>#
#@~~P~~~~ #.# #.#
#.~7~~~~~ #.#
#.####.7~~~~~~ ..#
##.##...7~PP~~~ ###
#.......~7~~~~~
#..#.#...7P~~~~
#.####..#.#...~7~~~~
#.............7~~P~P
######..#.....P~~~P


You could see Grinder.

Vanquished Creatures
  2 adders
  A worm (D:3)
  A dart slug (D:2)
  4 bats
  7 endoplasms
  4 goblins
  3 hobgoblins
  5 kobolds
  5 quokkas
  7 ball pythons
  5 frilled lizards (D:1)
  4 rats
48 creatures vanquished.

Notes
Turn   | Place    | Note
-------+----------+-------------------------------------------
     0 | D:1      | qw the Gargoyle Hexslinger began the quest for the Orb.
     0 | D:1      | Reached XP level 1. HP: 12/12 MP: 2/2
     0 | D:1      | 0 ||| qw: Version: 0.3-a-46-gb1f654a
     0 | D:1      | 0 ||| qw: Game counter: 2156
     0 | D:1      | 0 ||| qw: Melee chars always use a shield: true
     0 | D:1      | 0 ||| qw: God list: Okawaru
     0 | D:1      | 0 ||| qw: Allow faded altars: false
     0 | D:1      | 0 ||| qw: Do Orc after clearing Dungeon:15 true
     0 | D:1      | 0 ||| qw: Do second Lair branch before Depths: true
     0 | D:1      | 0 ||| qw: Lair rune preference: random
     0 | D:1      | 0 ||| qw: Goals: Normal
     0 | D:1      | 0 ||| PLANNING D:1-11
    88 | D:1      | Reached XP level 2. HP: 16/16 MP: 3/3
   251 | D:1      | HP: 4/16 [frozen (5)]
   326 | D:1      | Reached skill level 3 in Ranged Weapons
   759 | D:1      | Reached XP level 3. HP: 21/21 MP: 4/4
   942 | D:1      | 942 ||| UPGRADING to +0 leather armour.
   952 | D:1      | 952 ||| DROPPING +0 robe.
   953 | D:1      | 953 ||| READING scroll labelled WIEXZE XOEMOR.
   954 | D:1      | 954 ||| READING scroll labelled RUHOEZU LEOHE.
   955 | D:1      | 955 ||| DROPPING scroll of poison.
  1479 | D:2      | Found Ykina's Distillery.
  1485 | D:2      | 1485 ||| BUYING potion of curing (33 gold).
  1485 | D:2      | Bought a potion of curing for 33 gold pieces
  1485 | D:2      | 1485 ||| SHOPLISTING potion of might (44 gold, have 41).
  1571 | D:2      | Reached XP level 4. HP: 19/26 MP: 5/5
  1667 | D:2      | Found the +7 Kryia's mail coat {PotionHeal*2 rC+}
  1737 | D:2      | 1737 ||| DROPPING +6 ring of intelligence.
  1738 | D:2      | 1738 ||| READING 2 scrolls labelled SELEYST GIEFA.
  1782 | D:3      | Reached skill level 4 in Ranged Weapons
  2037 | D:3      | Noticed Grinder
  2040 | D:3      | Paralysed by Grinder for 3 turns
  2048 | D:3      | HP: 4/26 [Grinder (7)]
  2050 | D:3      | HP: 1/26 [Grinder (3)]
  2050 | D:3      | Slain by Grinder

Levels and vault maps discovered:
D:1:      nzn_arrival_water_spiral, layout_loops_corners, grunt_decor_cap,
          minmay_box_of_dots
D:2:      layout_basic, serial_shops, shop, serial_park_tiny_pond
D:3:      minmay_goblin_kobold_castle, layout_loops_ring, serial_bayou_lake_a,
          uniq_grinder

Skill      XL: |  1  2  3  4 |
---------------+-------------+-----
Ranged Weapons | 3 4 |  4.1
Fighting       | 2 |  2.0
Dodging        | |  1.5
Spellcasting   | |  1.0
Hexes          | |  2.6

Action                     |  1- 3 |  4- 6 || total
---------------------------+-------+-------++-------
   Fire: Sling             |   131 |    37 ||   168
    Use: Scroll            |     2 |     1 ||     3
 Armour: Robe              |     6 |       ||     6
         Leather armour    |    13 |     5 ||    18
  Dodge: Dodged            |    44 |     7 ||    51

Table legend:
 A = Non-vault XP
 B = Vault XP
 C = Vault XP percentage of total XP
 D = Non-vault monster count
 E = Vault monster count
 F = Vault count percentage of total count
                 A         B        C        D         E       F
            +---------+---------+-------+---------+---------+-------
      Total |     104 |       4 |   3.7 |      45 |       3 |   6.2
            +---------+---------+-------+---------+---------+-------
        D:1 |      36 |       4 |  10.0 |      22 |       3 |  12.0
        D:2 |      45 |       0 |   0.0 |      18 |       0 |   0.0
        D:3 |      23 |       0 |   0.0 |       5 |       0 |   0.0
            +---------+---------+-------+---------+---------+-------
